 Dungeon Crawl Stone Soup version 0.29.0-4-gdea44cf6ec (webtiles) character file.

Game seed: 15480332571160449709

84 qw the Chopper (level 4, -2/26 HPs)
             Began as a Tengu Warper on Aug 28, 2022.
             Succumbed to a kobold brigand's curare-tipped dart
             ... on level 3 of the Dungeon.
             The game lasted 00:00:11 (2347 turns).

qw the Chopper (Tengu Warper)                       Turns: 2347, Time: 00:00:11

Health: -2/26      AC:  5    Str: 20    XL:     4   Next: 46%
Magic:  8/8        EV: 11    Int: 13    God:
Gold:   103        SH:  0    Dex: 13    Spells: 7/7 levels left

rFire   . . .      SeeInvis .   Y - +1 hand axe
rCold   . . .      Faith    .   (no shield)
rNeg    . . .      Spirit   .   h - +0 ring mail
rPois   .          Reflect  .   (helmet restricted)
rElec   .          Harm     .   (no cloak)
rCorr   .          Rampage  .   (no gloves)
Will    .....                   (boots unavailable)
Stlth   +.........              (no amulet)
HPRegen 0.08/turn               d - +6 ring of strength
MPRegen 0.11/turn               (no ring)

@: lethally poisoned (-2 -> -21), slowed, very slow
A: beak, talons 3
a: no special abilities


You were on level 3 of the Dungeon.
You visited 1 branch of the dungeon, and saw 3 of its levels.

You collected 103 gold pieces.


Innate Abilities, Weirdness & Mutations

You have a beak for a mouth.
You have claws for feet.


   Skills:
 - Level 2.0 Fighting
 + Level 5.0 Axes
 - Level 1.0 Throwing
 - Level 1.1 Armour
 - Level 2.1 Dodging
 - Level 2.0 Spellcasting
 - Level 2.4 Translocations


You had 7 spell levels left.
You didn't know any spells.
Your spell library contained the following spells:

 Spells                   Type           Power      Damage    Failure   Level
 Blink                    Tloc           14%        N/A       24%         2
 Gell's Gravitas          Tloc           7%         N/A       43%         3
 Lesser Beckoning         Tloc           7%         N/A       43%         3
 Teleport Other           Tloc           7%         N/A       43%         3
 Manifold Assault         Tloc           7%         N/A       99%         5

Inventory:

Hand Weapons
 g - a +0 whip
 Y - a +1 hand axe (weapon)
Armour
 h - a +0 ring mail (worn)
Jewellery
 d - a +6 ring of strength (left hand)
Scrolls
 a - a scroll of identify
Potions
 c - a potion of attraction {unknown}
 e - a potion of flight {unknown}
 f - a potion of mutation {unknown}
 j - a potion of berserk rage {unknown}

Dungeon Overview and Level Annotations

Branches:
Dungeon (3/15)

Altars:


Message History

Press: ? - help, Q - select action Shift-Dir - straight line, f/p - kobold You throw a silver javelin.
The silver javelin pierces through the kobold.
You kill the kobold!
A kobold comes into view. It is wielding a +0 club.
Throw: 2 javelins (silver)
Press: ? - help, Q - select action Shift-Dir - straight line, f - kobold You throw a silver javelin.
The silver javelin barely misses the kobold.
The kobold shouts!
The silver javelin pierces through the kobold!
You kill the kobold!
Throw: javelin (silver)
Press: ? - help, Q - select action Shift-Dir - straight line, f/p - kobold You throw a silver javelin.
The silver javelin closely misses the kobold.
You hit the kobold.
You kill the kobold!
A kobold brigand comes into view.
It is wielding a +0 club and quivering curare-tipped darts.
The kobold brigand shouts!
A kobold comes into view. It is wielding a +0 club.
2342 ||| Stepping ~*~*~tactically~*~*~ (stealth).
The kobold brigand throws a curare-tipped dart.
The curare-tipped dart hits you.
You are poisoned.
You have difficulty breathing.
You feel yourself slow down.
2344 ||| DRINKING potion of curing.
You feel better.
2344 ||| (to cure poison)
The kobold brigand throws a curare-tipped dart.
The curare-tipped dart hits you.
You are poisoned.
You have difficulty breathing.
You feel as though you will be slow longer.
The kobold brigand throws a curare-tipped dart.
The curare-tipped dart hits you.
You are more poisoned.
You have difficulty breathing.
You feel as though you will be slow longer.
You feel extremely sick.
You die...

#. ##.K
#..# #..#
..## #(K#
#).# #(@#
## #..# .
#..##
#~##..#
#~~#.)##
##~~##..#
#~~~~#..#
..# ##^
#~~~~#..#
..# .. #
#~~~~#..#
#.#.. #


You could see a kobold brigand.

Vanquished Creatures
  4 adders
  2 dart slugs (D:1)
  3 bats
  2 endoplasms
  4 giant cockroaches
  4 goblins
  7 hobgoblins
  A quokka (D:1)
  2 frilled lizards (D:1)
  10 kobolds
  4 rats (D:2)
43 creatures vanquished.

Notes
Turn   | Place    | Note
-------+----------+-------------------------------------------
     0 | D:1      | qw the Tengu Warper began the quest for the Orb.
     0 | D:1      | Reached XP level 1. HP: 12/12 MP: 4/4
     0 | D:1      | 0 ||| qw: Version: 0.1-a-89-g26bdef1
     0 | D:1      | 0 ||| qw: Game counter: 601
     0 | D:1      | 0 ||| qw: Always use a shield: true
     0 | D:1      | 0 ||| qw: God list: Okawaru
     0 | D:1      | 0 ||| qw: Allow faded altars: false
     0 | D:1      | 0 ||| qw: Do Orc after D:15 true
     0 | D:1      | 0 ||| qw: Do second Lair branch before Depths: true
     0 | D:1      | 0 ||| qw: Lair rune preference: random
     0 | D:1      | 0 ||| qw: Plans: Normal
     0 | D:1      | 0 ||| PLANNING D:1-11
    26 | D:1      | 26 ||| Stepping ~*~*~tactically~*~*~ (stealth).
   187 | D:1      | 187 ||| Stepping ~*~*~tactically~*~*~ (hiding).
   193 | D:1      | HP: 3/12 [dart slug/slug dart (2)]
   193 | D:1      | HP: 1/12 [frilled lizard (2)]
   236 | D:1      | 236 ||| Stepping ~*~*~tactically~*~*~ (stealth).
   246 | D:1      | Reached XP level 2. HP: 5/17 MP: 6/6
   488 | D:1      | 488 ||| Stepping ~*~*~tactically~*~*~ (stealth).
   490 | D:1      | 490 ||| Stepping ~*~*~tactically~*~*~ (stealth).
   493 | D:1      | Reached skill level 3 in Axes
   737 | D:1      | You fall into a shaft and drop 1 floor!
   887 | D:2      | 887 ||| UPGRADING to +0 ring mail.
   897 | D:2      | 897 ||| DROPPING +0 leather armour.
   898 | D:2      | 898 ||| UPGRADING to +6 ring of strength.
   899 | D:2      | 899 ||| READING scroll labelled SOWNOUT USTRESO.
   900 | D:2      | 900 ||| READING scroll labelled ERUNITAIRE.
   901 | D:2      | 901 ||| READING scroll labelled LOATAKL SUNE.
   902 | D:2      | 902 ||| DROPPING scroll of blinking.
  1109 | D:1      | Reached XP level 3. HP: 21/21 MP: 7/7
  1345 | D:1      | 1345 ||| READING scroll labelled JIULI RABAEL.
  1346 | D:1      | 1346 ||| READING scroll labelled JIEQ MOPEILAZ.
  1586 | D:2      | Reached skill level 4 in Axes
  1754 | D:2      | Found a faded altar of an unknown god.
  1920 | D:2      | 1920 ||| READING 3 scrolls labelled DETID XULEUF.
  1921 | D:2      | 1921 ||| READING scroll labelled SEPIES MUSA.
  1922 | D:2      | 1922 ||| DRINKING 3 metallic coppery potions.
  2023 | D:2      | 2023 ||| READING 2 scrolls of identify.
  2023 | D:2      | 2023 ||| IDENTIFYING ruby potion
  2024 | D:2      | 2024 ||| DROPPING 2 potions of ambrosia.
  2157 | D:3      | Reached XP level 4. HP: 24/26 MP: 8/8
  2267 | D:3      | 2267 ||| Stepping ~*~*~tactically~*~*~ (stealth).
  2283 | D:3      | 2283 ||| Stepping ~*~*~tactically~*~*~ (stealth).
  2296 | D:3      | Reached skill level 5 in Axes
  2341 | D:3      | Noticed a kobold brigand
  2342 | D:3      | 2342 ||| Stepping ~*~*~tactically~*~*~ (stealth).
  2344 | D:3      | 2344 ||| DRINKING potion of curing.
  2344 | D:3      | 2344 ||| (to cure poison)
  2346 | D:3      | HP: 4/26 [poisoned by a kobold brigand (curare-tipped
                  | dart)]
  2347 | D:3      | Succumbed to a kobold brigand's curare-tipped dart

Levels and vault maps discovered:
D:1:      giann_horns, layout_basic, serial_curves, eino_curves_03,
          eino_curves_01, kennysheep_doodads
D:2:      minmay_spotlight, layout_basic, shapermc_ecumenical_altar_rom_forum
D:3:      cheibrodos_thug_alley, layout_loops_ring, lemuel_tele_altar,
          mainiacjoe_overflow_tiny_flanked,
          mainiacjoe_overflow_concentric_impassable

Skill      XL: |  1  2  3  4 |
---------------+-------------+-----
Axes           | 3 4 5 |  5.0
Fighting       | |  2.0
Throwing       | |  1.0
Armour         | |  1.1
Dodging        | |  2.1
Spellcasting   | |  2.0
Translocations | |  2.4

Action                   |  1- 3 |  4- 6 || total
-------------------------+-------+-------++-------
Melee: Hand axe          |    67 |    16 ||    83
       Peck              |     8 |     2 ||    10
       Kick              |    14 |     3 ||    17
Throw: Boomerang         |     7 |       ||     7
       Javelin           |     7 |     8 ||    15
  Use: Scroll            |     8 |       ||     8
       Potion            |     1 |     1 ||     2
Armor: Leather armour    |     2 |       ||     2
       Ring mail         |    16 |     5 ||    21
Dodge: Dodged            |    28 |     6 ||    34

Table legend:
 A = Non-vault XP
 B = Vault XP
 C = Vault XP percentage of total XP
 D = Non-vault monster count
 E = Vault monster count
 F = Vault count percentage of total count
                 A         B        C        D         E       F
            +---------+---------+-------+---------+---------+-------
      Total |      88 |      33 |  27.3 |      29 |      14 |  32.6
            +---------+---------+-------+---------+---------+-------
        D:1 |      36 |       0 |   0.0 |      18 |       0 |   0.0
        D:2 |       5 |      20 |  80.0 |       3 |       6 |  66.7
        D:3 |      47 |      13 |  21.7 |       8 |       8 |  50.0
            +---------+---------+-------+---------+---------+-------
